[Event "Team 45 45 League T84"]
[Site "Internet Chess Club"]
[Date "2020.04.18"]
[Round "3"]
[White "Andressa"]
[Black "chessnutdale"]
[Result "1-0"]
[WhiteElo "1368"]
[BlackElo "1433"]
[Opening "Sicilian defense"]
[ECO "B40"]
[Time "10:13:52"]
[TimeControl "2700+45"]

1. e4 c5 2. Nf3 e6 3. Nc3 Nc6 4. Bc4 a6 5. a3 b5 6. Be2 Bd6 7. d4 cxd4 8. Nxd4
Ne5 9. Nf3 Bb7 10. Qxd6 Ng6 11. O-O N8e7 12. Rd1 Bc6 13. b3 O-O 14. Bb2 Qb6 15.
Nd4 Nc8 16. Qg3 Bb7 17. h3 d6 18. Nf3 e5 19. Nd5 Qc6 20. c4 Nce7 21. Rac1 Nxd5
22. cxd5 Qd7 23. Nh4 Nf4 24. Re1 Qe7 25. Nf5 Qf6 26. Rc7 Bc8 27. Ne7+ Kh8 28.
Bg4 Bxg4 29. Qxg4 Nd3 30. Re2 Rfe8 31. Nf5 Rac8 32. Rxc8 Rxc8 33. Nxd6 Rc7 34.
Ne8 Qh6 35. Nxc7 g6 36. Kh2 Qf4+ 37. Qxf4 Nxf4 38. Rc2 f6 39. d6 Nd3 40. d7 Kg7
41. d8=Q Ne1 42. Ne6+ Kh6 43. Qf8+ Kh5 44. g4+ {Black resigns} 1-0

[Event "Team 45 45 League T84"]
[Site "Internet Chess Club"]
[Date "2020.04.18"]
[Round "3"]
[White "Pawnchain"]
[Black "olivermx"]
[Result "1-0"]
[WhiteElo "1431"]
[BlackElo "1307"]
[Opening "French: Tarrasch"]
[ECO "C03"]
[Time "11:04:07"]
[TimeControl "2700+45"]

1. e4 e6 2. d4 d5 3. Nd2 Bb4 4. c3 Ba5 5. Bd3 Bb6 6. e5 c5 7. Qg4 g6 8. Ne2 cxd4
9. cxd4 Nc6 10. Nb3 Bd7 11. Bg5 Qc7 12. Rc1 h6 13. Bh4 g5 14. Bg3 O-O-O 15. Qh5
f5 16. exf6 Nxf6 17. Qf3 {Black resigns} 1-0

[Event "Team 45 45 League T84"]
[Site "Internet Chess Club"]
[Date "2020.04.17"]
[Round "3"]
[White "LuFran"]
[Black "trombone"]
[Result "1/2-1/2"]
[WhiteElo "1705"]
[BlackElo "1764"]
[Opening "Robatsch defense: Pseudo-Austrian attack"]
[ECO "B06"]
[Time "15:01:12"]
[TimeControl "2700+45"]

1. e4 g6 2. d4 Bg7 3. Nc3 d6 4. f4 a6 5. Nf3 b5 6. a4 b4 7. Ne2 Bb7 8. Ng3 Nd7
9. c3 c5 10. Bd3 cxd4 11. cxd4 Ngf6 12. f5 O-O 13. a5 d5 14. e5 Ne4 15. O-O Nb8
16. Qe1 Qd7 17. fxg6 fxg6 18. Nxe4 dxe4 19. Bxe4 b3 20. Bd2 Nc6 21. Bc3 e6 22.
Rc1 {Game drawn by mutual agreement} 1/2-1/2

[Event "Team 45 45 League T84"]
[Site "Internet Chess Club"]
[Date "2020.04.18"]
[Round "3"]
[White "WillC"]
[Black "VictorRed"]
[Result "1-0"]
[WhiteElo "1546"]
[BlackElo "1565"]
[Opening "Queen's pawn game, Darooha variation "]
[ECO "D02"]
[Time "19:02:35"]
[TimeControl "2700+45"]

1. d4 d5 2. Nf3 Nf6 3. b3 c5 4. e3 Nc6 5. Bb2 e6 6. Nbd2 Be7 7. a3 O-O 8. Bd3
Nd7 9. O-O f5 10. c4 Nf6 11. cxd5 Nxd5 12. dxc5 Bxc5 13. Qc2 Bxe3 14. fxe3 Nxe3
15. Qc3 Rf7 16. Rfe1 Qb6 17. Kh1 Ng4 18. h3 Nf2+ 19. Kh2 Nxd3 20. Qxd3 Rd7 21.
Qe3 Qc7+ 22. Kh1 Re7 23. Rac1 Bd7 24. Ne5 Be8 25. b4 Qd8 26. Rcd1 Nxe5 27. Qxe5
Ba4 28. Nb3 Qe8 29. Rd3 Bxb3 30. Rxb3 Rc8 31. Rg3 Qd7 32. Rge3 Rce8 33. b5 b6
34. a4 h6 35. Rg3 Rf7 36. Rg6 f4 37. Rf1 Qc7 38. Qxc7 Rxc7 39. Rxf4 Kh7 40. Rg3
g5 41. Re4 Kg6 42. Rf3 Rf7 43. Rfe3 Rf1+ 44. Kh2 Rf2 45. Bc3 Kf7 46. Kg3 Rf5 47.
Rf3 Rxf3+ 48. Kxf3 Rd8 49. Rd4 Rc8 50. Bb4 Rc7 51. Ke4 h5 52. Bd2 Kf6 53. g4
hxg4 54. hxg4 Rc5 55. Bb4 Rc7 56. Bd6 Rb7 57. Rc4 Rd7 58. Be5+ Kg6 59. Rc7 Rd1
60. Kf3 Rf1+ 61. Kg2 Re1 62. Bg3 Re4 63. Rxa7 Rxg4 64. Kf3 Rc4 65. Bc7 g4+ 66.
Kg3 Kf5 67. Bxb6 Rc3+ 68. Kg2 e5 69. Rf7+ Ke6 70. Rf2 Rb3 71. Re2 Kd6 72. Re4 g3
73. Bd8 Kd5 74. Rg4 Ra3 75. a5 Kc5 76. b6 Rxa5 77. Rxg3 Rb5 78. Rg5 Kc6 79. Bc7
Rb2+ 80. Kf3 Rb3+ 81. Ke4 {Black resigns} 1-0

[Event "Team 45 45 League T84"]
[Site "Internet Chess Club"]
[Date "2020.04.19"]
[Round "3"]
[White "kabindra"]
[Black "cap78red"]
[Result "1/2-1/2"]
[WhiteElo "1633"]
[BlackElo "1488"]
[Opening "Pirc defense"]
[ECO "B07"]
[Time "14:00:41"]
[TimeControl "2700+45"]

1. e4 d6 2. d4 Nf6 3. Bd3 c5 4. d5 c4 5. Bxc4 Nxe4 6. Qe2 Qa5+ 7. c3 Nf6 8. b4
Qc7 9. h3 g6 10. Nf3 Bg7 11. O-O O-O 12. Re1 Nbd7 13. Bb3 a5 14. Qd1 axb4 15.
Rxe7 bxc3 16. Bc2 Nxd5 17. Qxd5 Nb6 18. Qe4 Qd8 19. Qe2 Be6 20. Rxb7 Bd5 21. Re7
Be6 22. Rxe6 fxe6 23. Qxe6+ Kh8 24. Ng5 Qe8 25. Be3 h6 26. Bxg6 Qxe6 27. Nxe6 c2
28. Nxg7 cxb1=Q+ 29. Bxb1 Nc4 30. Bd4 Ne5 31. Nf5 Ra4 32. Bc2 Rc4 33. Bb3 Rb4
34. Bxe5+ dxe5 35. Nxh6 Ra8 36. Re1 e4 37. Nf7+ Kg7 38. Nd6 Rd4 39. Nxe4 Re8 40.
f3 Kf8 41. Rc1 Kg7 42. Rc7+ Kh8 43. Kh2 Rd2 44. Nxd2 Re2 45. Ne4 Rxg2+ 46. Kh1
Rg1+ 47. Kh2 Rg2+ 48. Kxg2 {Black stalemated} 1/2-1/2

[Event "Team 45 45 League T84"]
[Site "Internet Chess Club"]
[Date "2020.04.19"]
[Round "3"]
[White "dafv2020"]
[Black "Toalla"]
[Result "0-1"]
[WhiteElo "983"]
[BlackElo "1314"]
[Opening "Sicilian defense"]
[ECO "B40"]
[Time "13:00:53"]
[TimeControl "2700+45"]

1. e4 c5 2. Nf3 e6 3. Bc4 a6 4. Nc3 b5 5. Bb3 c4 6. Nd4 cxb3 7. axb3 Bc5 8.
Ncxb5 axb5 9. Rxa8 Qb6 10. Nf3 Bxf2+ 11. Ke2 Ba6 12. Qf1 b4+ 13. c4 bxc3+ 14. d3
{White resigns} 0-1

[Event "Team 45 45 League T84"]
[Site "Internet Chess Club"]
[Date "2020.04.19"]
[Round "3"]
[White "PJ"]
[Black "zugknightly"]
[Result "0-1"]
[WhiteElo "1572"]
[BlackElo "1720"]
[Opening "King's Indian: Four pawns attack"]
[ECO "E76"]
[Time "09:00:48"]
[TimeControl "2700+45"]

1. d4 Nf6 2. c4 g6 3. Nc3 Bg7 4. e4 d6 5. f4 c5 6. d5 O-O 7. Nf3 e6 8. Be2 exd5
9. exd5 Re8 10. O-O Bf5 11. h3 Ne4 12. Bd2 Nxc3 13. Bxc3 Bxc3 14. bxc3 Qe7 15.
Qd2 Qe3+ 16. Qxe3 Rxe3 17. Rac1 Rxe2 {White resigns} 0-1

[Event "Team 45 45 League T84"]
[Site "Internet Chess Club"]
[Date "2020.04.16"]
[Round "3"]
[White "scostanzo212"]
[Black "Rybo88"]
[Result "1/2-1/2"]
[WhiteElo "1567"]
[BlackElo "1465"]
[Opening "Grünfeld: Spassky variation, main line, 10...cd, 11.cd"]
[ECO "D88"]
[Time "19:35:15"]
[TimeControl "2700+45"]

1. d4 Nf6 2. c4 g6 3. Nc3 d5 4. cxd5 Nxd5 5. e4 Nxc3 6. bxc3 Bg7 7. Bc4 O-O 8.
Ne2 c5 9. Be3 Nc6 10. O-O cxd4 11. cxd4 Bg4 12. f3 Bd7 13. Rc1 e6 14. Qd2 Qa5
15. Qxa5 Nxa5 16. Bd3 Rac8 17. Rxc8 Rxc8 18. Rc1 Rxc1+ 19. Bxc1 Nc6 20. Be3 Nb4
21. Bc4 Nc2 22. Bf2 b5 23. Bb3 Nb4 24. Be1 Nc6 25. d5 exd5 26. Bxd5 Kf8 27. Bf2
a6 28. Bc5+ Ke8 29. Kf2 Ne5 30. Bb6 Nc4 31. Bd4 Bf8 32. Nc1 Be6 33. Bxe6 fxe6
34. Nd3 Kd7 35. Ke2 Kc6 36. Kd1 Bd6 37. h3 Bc7 38. Kc2 Bd6 39. Kb3 Nd2+ 40. Kc2
Nc4 41. Kb3 Nd2+ 42. Kc2 Nc4 43. Kb3 Nd2+ 44. Kc2 Nc4 45. Kb3 Nd2+ 46. Kc2 Nc4
47. Kb3 {Game drawn by repetition} 1/2-1/2

[Event "Team 45 45 League T84"]
[Site "Internet Chess Club"]
[Date "2020.04.17"]
[Round "3"]
[White "RD1974"]
[Black "Kingofknights"]
[Result "0-1"]
[WhiteElo "1569"]
[BlackElo "1568"]
[Opening "Caro-Kann: anti-anti-Caro-Kann defense"]
[ECO "B10"]
[Time "18:04:38"]
[TimeControl "2700+45"]

1. e4 c6 2. c4 d5 3. cxd5 cxd5 4. exd5 Nf6 5. Nc3 Nxd5 6. Nf3 Nf6 7. Bc4 e6 8.
O-O Be7 9. Re1 Nc6 10. d4 O-O 11. Bg5 Nd5 12. Ne4 Bxg5 13. Nexg5 h6 14. Ne4 Nf6
15. Nc5 b6 16. Bb5 Qd6 17. Nb3 Bb7 18. Rc1 a6 19. Bd3 Rfd8 20. h3 Rac8 21. Qe2
Nb4 22. Bb1 Nbd5 23. Ne5 Ne7 24. Nc4 Qd5 25. Ne3 Qg5 26. Nd2 Ned5 27. Nf3 Qh5
28. Rxc8 Rxc8 29. Ne5 Qxe2 30. Rxe2 Nxe3 31. fxe3 Rc1+ 32. Kh2 Rxb1 33. Nc4 b5
34. Nd6 Bd5 35. a3 Ne4 36. Nc8 Kf8 37. Nb6 Rc1 38. Nd7+ Ke7 39. Ne5 Bc4 40. Nxc4
bxc4 41. g4 a5 42. Kg2 a4 43. h4 c3 44. Kf3 f5 45. gxf5 exf5 46. bxc3 Rxc3 47.
Rg2 Kf6 48. Rb2 Rxa3 49. Rb6+ Kf7 50. Kf4 Nf6 51. Kxf5 Rxe3 52. Ra6 Rf3+ 53. Ke5
Ra3 54. d5 Ra1 55. d6 Nd7+ 56. Kd5 Kg6 57. Ra7 Nf6+ 58. Ke6 a3 59. Ke7 a2 60. d7
Nxd7 61. Kxd7 Rd1+ 62. Ke8 a1=Q 63. Rxa1 Rxa1 {White resigns} 0-1

[Event "Team 45 45 League T84"]
[Site "Internet Chess Club"]
[Date "2020.04.16"]
[Round "3"]
[White "tightfist"]
[Black "kingsrook"]
[Result "1/2-1/2"]
[WhiteElo "1439"]
[BlackElo "1233"]
[Opening "Sicilian defense"]
[ECO "B40"]
[Time "20:30:25"]
[TimeControl "2700+45"]

1. Nf3 c5 2. e4 e6 3. Bc4 a6 4. a4 Nc6 5. O-O Qc7 6. Nc3 Nf6 7. d3 b6 8. Bg5 Be7
9. Re1 d6 10. Qd2 O-O 11. Rac1 Bb7 12. Bf4 e5 13. Bg3 Nd4 14. Nxd4 cxd4 15. Nd5
Nxd5 16. Bxd5 Bxd5 17. exd5 Qc5 18. c4 dxc3 19. Rxc3 Qxd5 20. Rc7 Rfe8 21. Re4
f5 22. Rec4 f4 23. Bxf4 exf4 24. Qxf4 Qxd3 25. Qc1 Bg5 26. Rxg7+ Kxg7 27. Qxg5+
Kh8 28. Qf6+ Kg8 29. Rg4+ Qg6 30. Rxg6+ hxg6 31. Qxg6+ Kh8 32. Qh6+ Kg8 33. Qg6+
Kh8 34. Qh6+ Kg8 35. Qg6+ Kh8 {Game drawn by repetition} 1/2-1/2

[Event "Team 45 45 League T84"]
[Site "Internet Chess Club"]
[Date "2020.04.18"]
[Round "3"]
[White "Constrictor"]
[Black "Insan996"]
[Result "1/2-1/2"]
[WhiteElo "1568"]
[BlackElo "1642"]
[Opening "Nimzovich-Larsen attack: Indian variation"]
[ECO "A01"]
[Time "11:16:28"]
[TimeControl "2700+45"]

1. b3 Nf6 2. Bb2 e6 3. f4 b6 4. Nf3 Bb7 5. e3 c5 6. Be2 Be7 7. O-O O-O 8. h3 Nc6
9. d3 Nh5 10. g4 Ng3 11. Rf2 Bf6 12. Nc3 Nxe2+ 13. Qxe2 Nb4 14. g5 Be7 15. a3
Nd5 16. Ne4 f5 17. Ng3 g6 18. c4 Nc7 19. Qc2 Ne8 20. Qc3 Nf6 21. gxf6 Bxf6 22.
Qc2 d6 23. Bxf6 Qxf6 24. Qb2 Qxb2 25. Rxb2 Bxf3 26. Kf2 Bb7 27. d4 Rad8 28. Rd2
h6 29. h4 Kf7 30. Rad1 cxd4 31. Rxd4 Ke7 32. Ne2 d5 33. cxd5 Rxd5 34. Nc3 Rxd4
35. Rxd4 Ba6 36. Ra4 Bd3 37. Rxa7+ Kd6 38. Rb7 Kc6 39. Re7 Kd6 40. Rb7 Kc6 41.
Re7 Kd6 42. Rb7 Kc6 {Game drawn by repetition} 1/2-1/2

[Event "Team 45 45 League T84"]
[Site "Internet Chess Club"]
[Date "2020.04.18"]
[Round "3"]
[White "nidusin2"]
[Black "pokerram"]
[Result "1-0"]
[WhiteElo "1585"]
[BlackElo "1533"]
[Opening "Queen's pawn game"]
[ECO "D00"]
[Time "04:01:40"]
[TimeControl "2700+45"]

1. d4 Nf6 2. Nc3 d5 3. Bf4 e6 4. e3 a6 5. Nf3 c5 6. Bd3 Nc6 7. O-O Bd6 8. Bxd6
Qxd6 9. a3 c4 10. Be2 b5 11. h3 Bb7 12. Re1 O-O 13. Bf1 Rfd8 14. Qd2 e5 15. dxe5
Nxe5 16. Nd4 Qd7 17. Be2 Ne4 18. Nxe4 dxe4 19. Rad1 f5 20. Qc3 Qf7 21. Qb4 Nc6
22. Qc5 Nxd4 23. Rxd4 Rxd4 24. Qxd4 Qd5 25. Rd1 Qxd4 26. Rxd4 Re8 27. h4 Kf7 28.
Rd7+ Re7 29. Rxe7+ Kxe7 30. Kh2 Bc8 31. Kg3 Kf6 32. Kf4 g6 33. c3 h5 34. Bd1 Bb7
35. f3 Bd5 36. fxe4 Bxe4 37. g3 Bd5 38. Bc2 a5 39. Bb1 a4 40. e4 Bxe4 41. Bxe4
fxe4 42. Kxe4 Ke6 43. Kf4 Kf6 44. g4 hxg4 45. Kxg4 Ke5 46. Kg5 Ke4 47. Kxg6 Kd3
48. h5 Kc2 49. h6 Kxb2 50. h7 Kxa3 51. h8=Q Kb3 52. Qe5 a3 53. Qxb5+ Kxc3 54.
Qa4 Kb2 55. Qb4+ Ka2 56. Qxc4+ Kb2 57. Qb4+ Ka2 58. Kf5 {Black resigns} 1-0

[Event "Team 45 45 League T84"]
[Site "Internet Chess Club"]
[Date "2020.04.14"]
[Round "3"]
[White "mongmong"]
[Black "fireball"]
[Result "1-0"]
[WhiteElo "1512"]
[BlackElo "1475"]
[Opening "Old Benoni defense"]
[ECO "A46"]
[Time "18:07:27"]
[TimeControl "2700+45"]

1. d4 Nf6 2. Nf3 c5 3. d5 d6 4. c4 g6 5. Nc3 Bg7 6. e4 O-O 7. h3 Ne8 8. Bd3 f5
9. exf5 Bxf5 10. Bxf5 Rxf5 11. Qc2 Nd7 12. O-O Nc7 13. Rb1 Ne5 14. Nxe5 Bxe5 15.
Be3 Qd7 16. Ne2 Raf8 17. f4 Bg7 18. Ng3 R5f7 19. Qe4 Ne8 20. b3 Nf6 21. Qd3 Kh8
22. Rbe1 Ng8 23. Bd2 Nh6 24. Qe4 Ng8 25. Qe6 Qxe6 26. Rxe6 Bd4+ 27. Kh2 g5 28.
Ne2 Bg7 29. Rf3 gxf4 30. Bxf4 Nf6 31. Bg5 Ng8 32. Rxf7 Rxf7 33. Kg1 Be5 34. g4
Kg7 35. Kg2 h6 36. Bh4 Bf6 37. Bg3 Kf8 38. Nf4 Ke8 39. Nh5 Bd4 40. Re2 Kd7 41.
Nf4 Be5 42. Ne6 Bxg3 43. Kxg3 a6 44. Rf2 Rxf2 45. Kxf2 Nf6 46. Kf3 Nh7 47. h4 b5
48. Kf4 bxc4 49. bxc4 a5 50. Kf5 a4 51. g5 hxg5 52. hxg5 Ke8 53. a3 Nf8 54. Nxf8
Kxf8 55. Ke6 Ke8 56. g6 Kf8 57. g7+ Kxg7 58. Kxe7 Kg6 59. Kxd6 Kf5 60. Kxc5 Ke4
61. Kb4 {Black resigns} 1-0

[Event "Team 45 45 League T84"]
[Site "Internet Chess Club"]
[Date "2020.04.18"]
[Round "3"]
[White "Kingfisher75"]
[Black "Megasus"]
[Result "1-0"]
[WhiteElo "1551"]
[BlackElo "1596"]
[Opening "Sicilian: O'Kelly variation"]
[ECO "B28"]
[Time "13:00:24"]
[TimeControl "2700+45"]

1. e4 c5 2. Nf3 a6 3. c3 Nc6 4. d4 cxd4 5. cxd4 Nf6 6. Nc3 Qa5 7. Bd3 Nb4 8. O-O
Nxd3 9. Qxd3 Qh5 10. e5 Ng4 11. Nd5 Rb8 12. h3 Nh6 13. Bg5 f6 14. Bf4 g5 15. Bg3
f5 16. Rac1 b5 17. e6 f4 18. Nc7+ Kd8 19. exd7 Bxd7 20. Nxa6 fxg3 21. Nxb8 Bxh3
22. Qxb5 Be6 23. Qb6+ Ke8 24. Qxe6 gxf2+ 25. Rxf2 {Black resigns} 1-0

[Event "Team 45 45 League T84"]
[Site "Internet Chess Club"]
[Date "2020.04.19"]
[Round "3"]
[White "Easy-Win"]
[Black "kidviper"]
[Result "1/2-1/2"]
[WhiteElo "1721"]
[BlackElo "1831"]
[Opening "Sicilian: Canal-Sokolsky attack, 3...Bd7"]
[ECO "B52"]
[Time "12:00:50"]
[TimeControl "2700+45"]

1. e4 c5 2. Nf3 d6 3. Bb5+ Bd7 4. Bxd7+ Nxd7 5. O-O e5 6. c3 Ngf6 7. Qe2 Be7 8.
d4 O-O 9. Re1 Re8 10. Nbd2 Bf8 11. d5 Qc7 12. c4 a6 13. Nf1 h6 14. Ng3 g6 15. h4
h5 16. Ng5 Bg7 17. Bd2 b5 18. cxb5 axb5 19. Qxb5 Reb8 20. Qd3 Rxb2 21. Bc3 Rbxa2
22. Rxa2 Rxa2 23. Qc4 Qa7 24. Rb1 Ng4 25. Rb7 Qxb7 26. Qxa2 {Game drawn by
mutual agreement} 1/2-1/2

[Event "Team 45 45 League T84"]
[Site "Internet Chess Club"]
[Date "2020.04.20"]
[Round "3"]
[White "kidcobra"]
[Black "Zugzwanged"]
[Result "1/2-1/2"]
[WhiteElo "1787"]
[BlackElo "1709"]
[Opening "French defense"]
[ECO "C00"]
[Time "16:11:00"]
[TimeControl "2700+45"]

1. e4 e6 2. Nf3 d5 3. exd5 exd5 4. d4 Nf6 5. Bd3 Bd6 6. O-O O-O 7. Bg5 h6 8. Bh4
Re8 9. Nbd2 Nc6 10. c3 Bg4 11. Qc2 Be7 12. Rae1 Nh5 13. Bxe7 Rxe7 14. Ne5 Nxe5
15. dxe5 Nf4 16. f3 Nxd3 17. Qxd3 Bh5 18. f4 c6 19. Qh3 Qb6+ 20. Rf2 Bg6 21. f5
Bh7 22. Qf3 Rae8 23. e6 fxe6 24. fxe6 Kh8 25. Qe3 Rxe6 26. Qxe6 Rxe6 27. Rxe6
Bd3 28. Nf3 Be4 29. Ne5 Kh7 30. Nd7 Qe3 31. Re8 Qe1+ 32. Rf1 Qe3+ 33. Rf2 Qc1+
34. Rf1 Qe3+ 35. Rf2 h5 36. Nf8+ Kg8 37. Nd7+ Kh7 38. Nf8+ Kg8 39. Nd7+ Kh7 40.
Nf8+ {Game drawn by repetition} 1/2-1/2

[Event "Team 45 45 League T84"]
[Site "Internet Chess Club"]
[Date "2020.04.19"]
[Round "3"]
[White "THE-WARRIOR"]
[Black "Bizzy-Ketty"]
[Result "1/2-1/2"]
[WhiteElo "1617"]
[BlackElo "1595"]
[Opening "Nimzo-Indian defense"]
[ECO "E20"]
[Time "16:00:31"]
[TimeControl "2700+45"]

1. d4 Nf6 2. c4 e6 3. Nc3 Bb4 4. Bd2 O-O 5. Nf3 d5 6. e3 Nbd7 7. Bd3 c6 8. O-O
b6 9. a3 Be7 10. e4 dxe4 11. Nxe4 Qc7 12. h3 Rd8 13. Qe2 Bb7 14. Neg5 Qd6 15.
Rad1 c5 16. Bc3 h6 17. Ne4 Nxe4 18. Bxe4 Bxe4 19. Qxe4 Nf6 20. Qe3 Qc7 21. Ne5
Nd7 22. d5 Nxe5 23. Bxe5 Bd6 24. f4 Qe7 25. Rfe1 exd5 26. Qg3 Bxe5 27. Rxe5 Qf6
28. cxd5 Rd6 29. Qe3 Rad8 30. Re8+ Kh7 31. Qe4+ Qg6 32. Qxg6+ Kxg6 33. Rxd8 Rxd8
34. Kf2 Kf5 35. Kf3 Re8 36. g4+ Kf6 37. d6 Rd8 38. Ke4 Ke6 39. f5+ Kd7 40. Kd5
Re8 41. Rd3 Re2 42. b3 Rf2 43. a4 a5 44. Kc4 Rf4+ 45. Kb5 Rb4+ 46. Ka6 Rd4 47.
Rc3 Rxd6 48. Kb7 g6 49. fxg6 fxg6 50. Rf3 Ke7 51. Kc7 Re6 52. Rd3 Kf7 53. Rd7+
Kg8 54. Rd3 Kf7 55. Kd7 Rf6 56. Re3 Kg7 57. Ke7 Rf4 58. Ke6 c4 59. Ke5 g5 60.
bxc4 Rxc4 61. Rb3 Rxa4 62. Rxb6 Ra3 63. Rb7+ Kg8 64. Kf6 a4 65. Rb8+ Kh7 66.
Rb7+ Kg8 67. Kg6 Kf8 68. Kxh6 Rxh3+ 69. Kxg5 a3 70. Ra7 Rb3 71. Kh6 Rh3+ 72. Kg6
Rg3 73. g5 Rh3 74. Ra6 Rf3 75. Ra7 Rh3 76. Kf5 Rf3+ 77. Ke4 Rg3 78. Kf4 Rb3 79.
g6 Rb5 80. Rxa3 Kg7 81. Ra6 Rb4+ 82. Ke5 Rb5+ {Game drawn by mutual agreement}
1/2-1/2

[Event "Team 45 45 League T84"]
[Site "Internet Chess Club"]
[Date "2020.04.19"]
[Round "3"]
[White "KidRattler"]
[Black "pishd"]
[Result "1-0"]
[WhiteElo "1680"]
[BlackElo "1801"]
[Opening "QGD semi-Slav: 5.e3"]
[ECO "D45"]
[Time "12:03:32"]
[TimeControl "2700+45"]

1. d4 d5 2. c4 e6 3. Nc3 Nf6 4. e3 c6 5. Nf3 Bd6 6. Bd3 dxc4 7. Bxc4 b5 8. Bd3
Nbd7 9. O-O O-O 10. Qc2 Bb7 11. Rd1 Qc7 12. Bd2 Rac8 13. Rac1 a6 14. Ne4 Nxe4
15. Bxe4 f5 16. Bd3 c5 17. e4 c4 18. Qb1 Bf4 19. Re1 Bxd2 20. Nxd2 Qf4 21. Nxc4
fxe4 22. Bxe4 Bxe4 23. Qxe4 Qxe4 24. Rxe4 bxc4 25. Rxe6 Rf6 26. Re4 Nb6 27. g3
Nd5 28. f4 c3 29. Re2 Rfc6 30. bxc3 Rxc3 31. Rxc3 Rxc3 32. Re5 Nf6 33. Ra5 Rc6
34. Kg2 Kf7 35. h3 Ke6 36. g4 Nd5 37. f5+ Kd6 38. a3 Ne3+ 39. Kf3 Nc4 40. Ra4
Kd5 41. g5 Kxd4 42. Kf4 Kc3 43. Rb4 Rb6 44. Rxb6 Nxb6 45. Ke5 Kb3 46. Ke6 Na8
47. f6 Nc7+ 48. Kd7 gxf6 49. gxf6 Nd5 50. f7 Nf6+ 51. Ke6 {Black resigns} 1-0

[Event "Team 45 45 League T84"]
[Site "Internet Chess Club"]
[Date "2020.04.16"]
[Round "3"]
[White "Ajolote"]
[Black "Bumun"]
[Result "0-1"]
[WhiteElo "1941"]
[BlackElo "1670"]
[Opening "Scandinavian defense"]
[ECO "B01"]
[Time "13:12:22"]
[TimeControl "2700+45"]

1. e4 d5 2. exd5 Nf6 3. d4 Bg4 4. Nf3 Qxd5 5. Be2 Nc6 6. h3 Bxf3 7. Bxf3 Qd7 8.
c3 O-O-O 9. O-O e5 10. Bg5 exd4 11. Bg4 Nxg4 12. Bxd8 Nxf2 13. Rxf2 Kxd8 14.
cxd4 Bc5 15. Rd2 Nxd4 16. Kh1 Kc8 17. Nc3 Rd8 18. Ne2 Qd5 19. Rc1 Bb6 20. Nxd4
Bxd4 21. Qg4+ f5 22. Qf4 c5 23. b4 Qe4 24. Qxe4 fxe4 25. bxc5 e3 26. Rdc2 Kc7
27. g4 Kc6 28. Kg2 Rf8 29. Kg3 Rf2 30. Rxf2 exf2 31. Kf3 Bxc5 32. Ke2 b5 33. Rd1
a5 34. Rd8 b4 35. h4 a4 36. g5 b3 37. axb3 axb3 38. Rd1 Kb5 39. Kd3 Kb4 40. Kd2
Ka3 41. Kc1 Ka2 42. Rf1 Be3+ 43. Kd1 b2 {White resigns} 0-1

[Event "Team 45 45 League T84"]
[Site "Internet Chess Club"]
[Date "2020.04.17"]
[Round "3"]
[White "JPSVI"]
[Black "ivanson"]
[Result "1-0"]
[WhiteElo "1730"]
[BlackElo "1682"]
[Opening "Van't Kruijs opening"]
[ECO "A00"]
[Time "18:06:12"]
[TimeControl "2700+45"]

1. e3 e5 2. d4 e4 3. b3 d5 4. Ne2 Nf6 5. c4 c6 6. Nec3 Be7 7. Be2 O-O 8. Ba3 Bf5
9. Bxe7 Qxe7 10. O-O Nbd7 11. Nd2 Nb6 12. c5 Nbd7 13. b4 h6 14. Qa4 Nh7 15. b5
Qe6 16. Rab1 Qg6 17. Rfc1 Bh3 18. Bf1 f5 19. bxc6 bxc6 20. Nxd5 cxd5 21. Qxd7
Rad8 22. Qxa7 f4 23. Qb6 Qg5 24. Nxe4 dxe4 25. Qb3+ Kh8 26. exf4 Qxf4 27. Qxh3
Qxf2+ 28. Kh1 Rb8 29. Rxb8 Rxb8 30. Qg3 Qf8 31. c6 Rc8 32. d5 {Black resigns}
1-0

[Event "Team 45 45 League T84"]
[Site "Internet Chess Club"]
[Date "2020.04.17"]
[Round "3"]
[White "carvajales"]
[Black "fireball"]
[Result "1-0"]
[WhiteElo "1763"]
[BlackElo "1470"]
[Opening "English opening"]
[ECO "A10"]
[Time "11:01:13"]
[TimeControl "2700+45"]

1. c4 g5 2. d4 Bg7 3. Bxg5 c5 4. Nf3 Nc6 5. e3 Qb6 6. Qd2 cxd4 7. exd4 Nxd4 8.
Nxd4 Qxd4 9. Nc3 a6 10. O-O-O Qxd2+ 11. Rxd2 Bxc3 12. bxc3 d6 13. Bd3 f6 14. Bh4
Nh6 15. Re1 Kf7 16. f3 Bf5 17. Bf1 Rac8 18. g4 Be6 19. Rde2 Bxc4 20. Rxe7+ Kg6
21. Bxc4 Rxc4 22. Kb2 Rhc8 23. R1e3 Nf7 24. R7e6 Ng5 25. Rxd6 Rf4 26. Bxg5 Kxg5
27. Rd7 Kg6 28. Rxb7 h5 29. Rb4 Rcc4 30. Rxc4 Rxc4 31. gxh5+ Kxh5 32. Re4 Rc5
33. Kb3 Rf5 34. f4 Kg4 35. c4 Kf3 36. Rd4 Ke3 37. Kc3 Rh5 38. Rd6 f5 39. Rxa6
Kxf4 40. Kd4 Rxh2 41. c5 Rd2+ 42. Kc3 Rd8 43. c6 Rc8 44. Kd4 Kg4 45. Kd5 f4 46.
Ra7 f3 47. Rf7 Kg3 48. Kd6 f2 49. Kd7 Ra8 50. c7 Ra7 51. Kd8 Ra8+ 52. c8=Q Rxc8+
53. Kxc8 Kg2 54. a4 f1=Q 55. Rxf1 Kxf1 56. a5 {Black resigns} 1-0

[Event "Team 45 45 League T84"]
[Site "Internet Chess Club"]
[Date "2020.04.18"]
[Round "3"]
[White "chesskix"]
[Black "kabindra"]
[Result "0-1"]
[WhiteElo "1389"]
[BlackElo "1640"]
[Opening "Réti: advance variation"]
[ECO "A09"]
[Time "12:00:53"]
[TimeControl "2700+45"]

1. Nf3 d5 2. c4 d4 3. d3 g6 4. g3 Bg7 5. Bg2 e5 6. e4 Ne7 7. O-O O-O 8. Bg5 h6
9. Bd2 Be6 10. b4 c6 11. Na3 b6 12. b5 c5 13. Nc2 Nd7 14. a4 Kh7 15. h3 Rc8 16.
a5 f5 17. Nh2 Qc7 18. f4 fxe4 19. Bxe4 Bxh3 20. Rf2 Bf5 21. a6 exf4 22. Bxf4 Be5
23. Qe2 Rce8 24. Raf1 Bh3 25. Bg2 Bxg2 26. Kxg2 Bxf4 27. Rxf4 Nf5 28. Qf3 Re7
29. Ng4 h5 30. Nf2 Ne5 31. Qd1 Ref7 32. Ne4 Qe7 33. Rh1 Kg7 34. Rhf1 Ng4 35. Re1
Nh4+ 36. Kh3 Rxf4 37. gxf4 Rxf4 38. Kg3 Rf3+ 39. Qxf3 Nxf3 40. Kxf3 Qh4 41. Rg1
Ne5+ 42. Kg2 Nxd3 43. Ng3 Qg4 {White resigns} 0-1

[Event "Team 45 45 League T84"]
[Site "Internet Chess Club"]
[Date "2020.04.17"]
[Round "3"]
[White "olivermx"]
[Black "BrerRabbit"]
[Result "0-1"]
[WhiteElo "1319"]
[BlackElo "1366"]
[Opening "Caro-Kann: exchange variation"]
[ECO "B13"]
[Time "19:02:08"]
[TimeControl "2700+45"]

1. e4 c6 2. d4 d5 3. exd5 cxd5 4. Bd3 Nc6 5. c3 Qc7 6. Bg5 Nf6 7. Nd2 Bg4 8. Ne2
e6 9. O-O Bd6 10. Qb1 Bxe2 11. Bxe2 e5 12. dxe5 Nxe5 13. Bxf6 gxf6 14. Qf5 Ke7
15. Nb3 Rag8 16. Nd4 Rg5 17. Qh3 Qd7 18. Qxd7+ Nxd7 19. Rad1 a6 20. Bd3 Nb6 21.
Nf5+ Kd7 22. Nxd6 Kxd6 23. b3 h6 24. Rfe1 Re5 25. Rxe5 fxe5 26. a4 Rc8 27. Rc1
d4 28. c4 Kc5 29. Kf1 Rc7 30. Ke1 Kb4 31. c5 Rxc5 32. Rxc5 Kxc5 33. a5 Nd5 34.
Bc4 f6 35. Kd2 Nb4 36. f3 Nc6 37. Kd3 Nxa5 38. Be6 Kb4 39. Kc2 Nc6 40. Bc8 b6
41. Bxa6 Na5 42. Bc8 Nxb3 43. Be6 Nc5 44. Bf5 Ka3 45. Kb1 b5 46. Bc2 b4 47. Bd1
Na4 48. Kc2 Nc3 {White resigns} 0-1

[Event "Team 45 45 League T84"]
[Site "Internet Chess Club"]
[Date "2020.04.19"]
[Round "3"]
[White "OGO"]
[Black "kabubi"]
[Result "1-0"]
[WhiteElo "1242"]
[BlackElo "1097"]
[Opening "King's Indian: 6.Be2"]
[ECO "E91"]
[Time "15:00:38"]
[TimeControl "2700+45"]

1. d4 Nf6 2. c4 g6 3. Nc3 Bg7 4. Nf3 O-O 5. e4 d6 6. Be2 Nc6 7. O-O Bg4 8. Be3
Bxf3 9. Bxf3 Nd7 10. Rc1 e5 11. d5 Nd4 12. b4 c5 13. a3 Nb6 14. Be2 a5 15. bxc5
dxc5 16. Rb1 Nd7 17. a4 Rb8 18. Qd2 b6 19. Rb2 f5 20. f4 Qh4 21. g3 Qh3 22. Rf2
Nf6 23. Bf1 Qg4 24. fxe5 Nxe4 25. Nxe4 Qxe4 26. Bg2 Qxe5 27. Bf4 Qe8 28. Bxb8
Qxb8 29. Ra2 Qd6 30. Rf1 h6 31. Qe3 g5 32. Re1 f4 33. Qe7 Qg6 34. gxf4 gxf4 35.
Qe4 Qg4 36. d6 f3 37. Qxg4 {Black resigns} 1-0